 Dungeon Crawl Stone Soup version 0.25-a0-404-gc1b5a34 (webtiles) character file.

Game seed: 10786621105986885377, levelgen mode: deterministic

124 Firecrotchwizard the Magician (level 4, -7/24 HPs)
             Began as a Deep Elf Fire Elementalist on Jan 11, 2020.
             Mangled by a big kobold
             ... wielding a +0 club
              (8 damage)
             ... on level 3 of the Dungeon.
             The game lasted 00:05:05 (1581 turns).

Firecrotchwizard the Magician (DEFE)                Turns: 1581, Time: 00:05:05

Health: -7/24      AC:  3    Str:  7    XL:     4   Next: 81%
Magic:  1/12       EV: 13    Int: 21    God:
Gold:   120        SH:  0    Dex: 15    Spells: 10/11 levels left

rFire    . . .     SeeInvis .   l - +4 dagger
rCold    . . .     Gourm    .   (no shield)
rNeg     . . .     Faith    .   a - +0 robe
rPois    .         Spirit   .   (no helmet)
rElec    .         Reflect  .   (no cloak)
rCorr    .         Harm     .   (no gloves)
MR       .....                  n - +0 pair of boots
Stlth    ++........             (no amulet)
HPRegen  0.08/turn              j - +2 ring of strength
MPRegen  0.13/turn              (no ring)

@: very slightly contaminated
A: no striking features
a: no special abilities


You were on level 3 of the Dungeon.
You were not hungry.

You visited 1 branch of the dungeon, and saw 3 of its levels.

You collected 120 gold pieces.

Inventory:

Hand Weapons
 f - a +0 dagger of draining
   (You found it on level 2 of the Dungeon)
 g - a +0 short sword
   (You took it off a kobold on level 1 of the Dungeon)
 i - a +0 dagger
   (You took it off a goblin on level 1 of the Dungeon)
 l - a +4 dagger (weapon)
   (You took it off a goblin on level 1 of the Dungeon)
 r - a -2 rapier
   (You found it on level 3 of the Dungeon)
Missiles
 o - 15 poisoned darts
Armour
 a - a +0 robe (worn)
 n - a +0 pair of boots (worn)
   (You found it on level 1 of the Dungeon)
Jewellery
 j - a +2 ring of strength (left hand)
   (You found it on level 3 of the Dungeon)
Wands
 k - a wand of polymorph (10)
   (You took it off Ijyb on level 3 of the Dungeon)
Scrolls
 e - a scroll of identify
 m - a scroll of enchant weapon
 p - a scroll of remove curse
Potions
 d - a potion of cancellation {unknown}
 h - a potion of curing
 q - a potion of mutation {unknown}
Comestibles
 b - a chunk of flesh {@w0}
 c - 4 rations


   Skills:
 - Level 2.4 Dodging
 + Level 3.6 Stealth
 + Level 4.1 Spellcasting
 * Level 3.2 Conjurations
 + Level 4.0 Fire Magic


You had 10 spell levels left.
You knew the following spells:

 Your Spells              Type           Power        Failure   Level  Hunger
a - Foxfire               Conj/Fire      ###.         2%          1    None

Your spell library contained the following spells:

 Spells                   Type           Power        Failure   Level  Hunger
 Conjure Flame            Conj/Fire      ###.....     8%          3    ###....
 Inner Flame              Hex/Fire       ##......     16%         3    ###....
 Sticky Flame             Conj/Fire      ###.....     26%         4    ####...
 Fireball                 Conj/Fire      ###.......   58%         5    ######.


Dungeon Overview and Level Annotations

Branches:
Dungeon (3/15)

Altars:


Message History

p - 2 scrolls of remove curse (gained 1)
There is a stone staircase leading up here.
Found a runed rapier.
You see here a runed rapier.
r - a runed rapier It sticks to your hand!
r - a cursed -2 rapier (weapon)
As you read the scroll of remove curse, it crumbles to dust.
You feel as if something is helping you.
l - a +4 dagger (weapon)
All of the chunks of flesh in your inventory have rotted away.
You open the door.
A giant cockroach comes into view.
The helpless giant cockroach fails to defend itself.
You puncture the giant cockroach!
You kill the giant cockroach!
No target in view!
You butcher the giant cockroach corpse.
b - a chunk of flesh {@w0} The kobold is too close now for your liking.
A kobold comes into view. It is wielding a +0 club.
The kobold shouts!
You hear a shout! x2
Found a stone staircase leading down.
Found a ration.
Found an escape hatch in the floor.
You conjure some foxfire!
The kobold shouts!
You hear a shout! x4
An orc comes into view. It is wielding a +0 flail.
You now have 11/12 mp.
You conjure some foxfire!
The foxfire hits the kobold.
You kill the kobold!
The foxfire hits the kobold.
A hobgoblin comes into view. It is wielding a +0 club.
You now have 10/12 mp.
You conjure some foxfire!
The foxfire hits the kobold.
You kill the kobold!
You now have 9/12 mp.
You conjure some foxfire!
A hobgoblin comes into view. It is wielding a +0 club.
The foxfire hits the orc. x2
You now have 8/12 mp.
The foxfire hits the orc.
You kill the orc!
The foxfire hits the hobgoblin but does no damage.
The hobgoblin throws a throwing net.
The throwing net barely misses you.
A big kobold comes into view. It is wielding a +0 club.
The foxfire hits the hobgoblin.
You conjure some foxfire!
You now have 7/12 mp.
The foxfire hits the hobgoblin.
You kill the hobgoblin!
A kobold comes into view. It is wielding a +0 club.
You conjure some foxfire!
You now have 7/12 mp.
Nothing appears to happen.
The foxfire hits the kobold. x2
You kill the kobold!
You now have 6/12 mp.
You conjure some foxfire!
You now have 5/12 mp.
Nothing appears to happen.
The foxfire hits the big kobold.
An ooze comes into view.
The foxfire hits the big kobold.
You now have 4/12 mp.
You conjure some foxfire!
You now have 3/12 mp.
Nothing appears to happen.
The foxfire hits the big kobold but does no damage.
The foxfire hits the big kobold.
You conjure some foxfire!
The big kobold hits you but does no damage.
You now have 2/12 mp.
You hit the big kobold.
The foxfire hits the big kobold.
The big kobold misses you.
You conjure some foxfire!
The big kobold hits you with a +0 club.
You take 5 damage, and have 19/24 hp.
MASSIVE DAMAGE!!
You now have 1/12 mp.
You closely miss the big kobold.
The foxfire hits the big kobold.
The big kobold hits you but does no damage.
You miscast Foxfire.
You are very lightly contaminated with residual magic.
Wisps of smoke drift from your hands. The big kobold closely misses you.
You now have 0/12 mp.
You hit the big kobold. The big kobold hits you with a +0 club.
You take 2 damage, and have 17/24 hp.
Unknown command.
You barely miss the big kobold. The big kobold hits you with a +0 club.
You take 6 damage, and have 11/24 hp.
MASSIVE DAMAGE!!
You hit the big kobold. The big kobold hits you with a +0 club.
* * * LOW HITPOINT WARNING * * *
You take 6 damage, and have 5/24 hp.
MASSIVE DAMAGE!!
You hit the big kobold. You completely miss the big kobold.
The big kobold hits you with a +0 club.
* * * LOW HITPOINT WARNING * * *
You take 4 damage, and have 1/24 hp.
You closely miss the big kobold.
The big kobold hits you but does no damage.
You closely miss the big kobold. The big kobold hits you with a +0 club!
You die...

#)..% ## #######)..
.......). ........#
.......(# .......J#
#######g# ####K# #...@#
#. #.≈≈≈≈ #.####
#.####.≈≈≈# #.######
##......≈≈≈ #......#
#........≈# #.######
#........≈# #.#
#.........# #.#
######.........#
#####.###....#.........#
#.....#......#....(.##.##


You could see a big kobold, an ooze and a hobgoblin.

Vanquished Creatures
  Ijyb (D:3)
  5 adders
  2 worms (D:2)
  A dart slug (D:1)
  2 orcs (D:3)
  5 bats
  2 giant cockroaches
  5 goblins
  8 hobgoblins
  2 jackals (D:1)
  5 kobolds
  A quokka (D:2)
  2 frilled lizards
  5 rats
46 creatures vanquished.

Vanquished Creatures (others)
  112 foxfires
112 creatures vanquished.

Grand Total: 158 creatures vanquished

Notes
Turn   | Place    | Note
-------+----------+-------------------------------------------
     0 | D:1      | Firecrotchwizard the Deep Elf Fire Elementalist began the
                  | quest for the Orb.
     0 | D:1      | Reached XP level 1. HP: 10/10 MP: 6/6
   199 | D:1      | Reached XP level 2. HP: 15/15 MP: 6/8
   277 | D:1      | Reached skill level 2 in Conjurations
   738 | D:2      | Reached skill level 3 in Stealth
   738 | D:2      | Reached XP level 3. HP: 19/19 MP: 6/10
  1058 | D:2      | Reached XP level 4. HP: 23/24 MP: 8/11
  1202 | D:3      | Noticed Ijyb
  1218 | D:3      | Killed Ijyb
  1218 | D:3      | Reached skill level 4 in Spellcasting
  1218 | D:3      | Reached skill level 3 in Conjurations
  1302 | D:3      | Reached skill level 4 in Fire Magic
  1558 | D:3      | Noticed a big kobold
  1577 | D:3      | HP: 5/24 [big kobold/+0 club (6)]
  1579 | D:3      | HP: 1/24 [big kobold/+0 club (4)]
  1581 | D:3      | Mangled by a big kobold

Levels and vault maps discovered:
D:1:      dpeg_arrival_rooms_b, layout_rooms, minmay_pentomino_p4
D:2:      layout_rooms
D:3:      cheibrodos_thug_alley, layout_basic, uniq_sigmund, uniq_ijyb

Skill      XL: |  1  2  3  4 |
---------------+-------------+-----
Conjurations   | 2 3 |  3.2
Stealth        | 3 |  3.6
Spellcasting   | 4 |  4.1
Fire Magic     | 4 |  4.0
Dodging        | |  2.4

Action                   |  1- 3 |  4- 6 || total
-------------------------+-------+-------++-------
Melee: Unarmed           |     3 |       ||     3
       Dagger            |    23 |    20 ||    43
 Cast: Foxfire           |    45 |    25 ||    70
  Use: Scroll            |     6 |     1 ||     7
 Stab: Sleeping          |       |     1 ||     1
  Eat: Chunk             |       |     2 ||     2
Armor: Robe              |     8 |     8 ||    16
Dodge: Dodged            |    21 |    22 ||    43

Table legend:
 A = Non-vault XP
 B = Vault XP
 C = Vault XP percentage of total XP
 D = Non-vault monster count
 E = Vault monster count
 F = Vault count percentage of total count
                 A         B        C        D         E       F
            +---------+---------+-------+---------+---------+-------
      Total |     135 |      43 |  24.2 |      39 |       7 |  15.2
            +---------+---------+-------+---------+---------+-------
        D:1 |      30 |       5 |  14.3 |      15 |       3 |  16.7
        D:2 |      73 |       0 |   0.0 |      12 |       0 |   0.0
        D:3 |      32 |      38 |  54.3 |      12 |       4 |  25.0
            +---------+---------+-------+---------+---------+-------

Levels and vault maps discovered:
D:1:      dpeg_arrival_rooms_b, layout_rooms, minmay_pentomino_p4
D:2:      layout_rooms
D:3:      cheibrodos_thug_alley, layout_basic, uniq_sigmund, uniq_ijyb

Table legend:
 A = Turns spent in this place as a percentage of turns spent in the entire game.
 B = Non-inter-level travel turns spent in this place as a percentage of non-inter-level travel turns spent in the entire game.
 C = Inter-level travel turns spent in this place as a percentage of turns spent in this place.
 D = Turns resting spent in this place as a percentage of non-inter-level travel turns spent in this place.
 E = Turns spent auto-exploring this place as a percentage of non-inter-level travel turns spent in this place.
 F = Non-inter-level travel turns spent in this place divided by the number of levels of this place that you've seen.
                   A       B       C       D       E      F
               +-------+-------+-------+-------+-------+----------------------
         Total | 100.0 | 100.0 |   3.4 |  14.5 |  64.2 | 509.0
       Dungeon | 100.0 | 100.0 |   3.4 |  14.5 |  64.2 | 509.0
               +-------+-------+-------+-------+-------+----------------------

Table legend:
 A = Kills in this place as a percentage of kills in entire the game.
 B = Kills by you in this place as a percentage of kills by you in the entire game.
 C = Kills by friends in this place as a percentage of kills by friends in the entire game.
 D = Other kills in this place as a percentage of other kills in the entire game.
 E = Experience gained in this place as a percentage of experience gained in the entire game.
 F = Experience gained in this place divided by the number of levels of this place that you have seen.
                   A       B       C       D       E      F
               +-------+-------+-------+-------+-------+----------------------
         Total | 100.0 | 100.0 |   N/A |   N/A | 100.0 |  59.3
       Dungeon | 100.0 | 100.0 |   N/A |   N/A | 100.0 |  59.3
               +-------+-------+-------+-------+-------+----------------------
